 Dungeon Crawl Stone Soup version 0.32-a0-825-g0e82a1035d (webtiles) character file.

Game seed: 15684474864756399844

15682 Ijustatesigmund the Epochal (level 12, -6/80 HPs)
             Began as an Octopode Conjurer on Mar 22, 2024.
             Was an Elder of Cheibriados.
             Mangled by a human (8 damage)
             ... on level 12 of the Dungeon on Mar 25, 2024.
             The game lasted 00:39:06 (21202 turns).

Ijustatesigmund the Epochal (Octopode Conjurer)    Turns: 21202, Time: 00:39:07

Health: -6/80      AC:  5    Str: 17    XL:     12   Next: 29%
Magic:  13/23      EV: 14    Int: 35    God:    Cheibriados [****..]
Gold:   958        SH:  5    Dex: 19    Spells: 14/26 levels left

rFire   . . .        e - +4 flail
rCold   + . .        (no shield)
rNeg    + . .        (helmet restricted)
rPois   +            s - amulet of reflection
rElec   .            r - ring of willpower
rCorr   +            d - ring of poison resistance
SInv    +            m - ring of resist corrosion
Will    +....        p - ring of positive energy
Stlth   +++          B - ring of see invisible
HPRegen 0.33/turn    E - ring "Yvvun" {rC+ AC+4 Int+2 Slay+2}
MPRegen 0.18/turn    (no ring)
                     (no ring)

%: reflection
@: very slightly contaminated, very slow
A: almost no armour, amphibious, 8 rings, camouflage 1, gelatinous body 1,
(nimble swimmer 1), tentacles
a: Renounce Religion, Bend Time, Temporal Distortion, Slouch


You were on level 12 of the Dungeon.
You worshipped Cheibriados.
Cheibriados was greatly pleased with you.
You visited 2 branches of the dungeon, and saw 14 of its levels.
You also visited: Sewer and Ossuary.

You collected 958 gold pieces.

Inventory:

Hand Weapons
 e - a +4 flail (weapon)
Jewellery
 d - a ring of poison resistance (right tentacle)
 m - a ring of resist corrosion (on tentacle)
 p - a ring of positive energy (on tentacle)
 q - a ring of ice
 r - a ring of willpower (left tentacle)
 s - an amulet of reflection (around mantle)
 B - a ring of see invisible (on tentacle)
 E - the ring "Yvvun" (on tentacle) {rC+ AC+4 Int+2 Slay+2}
   (You found it on level 9 of the Dungeon)

   [ring of protection]

   AC+4:      It affects your AC (+4).
   Int+2:     It affects your intelligence (+2).
   Slay+2:    It affects your accuracy & damage with ranged weapons and melee
   (+2).
   rC+:       It protects you from cold.
Wands
 b - a wand of acid (3)
 x - a wand of flame (35)
 A - a wand of polymorph (15)
Scrolls
 g - 4 scrolls of fog
 l - 3 scrolls of amnesia
 y - 10 scrolls of identify
 z - 2 scrolls of immolation
 C - a scroll of vulnerability
 G - a scroll of revelation
Potions
 a - 3 potions of enlightenment
 c - 2 potions of invisibility
 f - 4 potions of brilliance
 h - 2 potions of attraction
 j - a potion of haste {unknown}
 k - 4 potions of curing
 n - 2 potions of ambrosia
 o - 2 potions of might
 t - 4 potions of lignification
 v - a potion of mutation
 F - a potion of magic


   Skills:
 + Level 6.7 Fighting
 + Level 8.3 Maces & Flails
 - Level 4.6 Dodging
 - Level 2.6 Stealth
 + Level 7.5 Spellcasting
 - Level 7.6 Conjurations
 - Level 5.9 Translocations
 + Level 6.8 Alchemy
 + Level 9.5 Invocations


You had 14 spell levels left.
You knew the following spells:

 Your Spells              Type           Power      Damage    Failure   Level
a - Magic Dart            Conj           100%       1d8       1%          1
b - Searing Ray           Conj           100%       2d8       1%          2
c - Iskenderun's Mystic   Conj/Tloc      57%        2d12      1%          4
d - Irradiate             Conj/Alch      29%        3d21      4%          5

Your spell library contained the following spells:

 Spells                   Type           Power      Damage    Failure   Level
 Cigotuvi's Dreadful Rot  Necr/Alch/Air  58%        N/A       1%          2
 Hailstorm                Conj/Ice       40%        3d9       1%          3
 Fulminant Prism          Conj/Alch      29%        3d14      1%          4
 Manifold Assault         Tloc           53%        N/A       2%          4
 Freeze                   Ice            52%        1d6       3%          1
 Ensorcelled Hibernation  Hex/Ice        26%        N/A       4%          2
 Sublimation of Blood     Necr           13%        N/A       4%          2
 Petrify                  Alch/Erth      37%        N/A       8%          4
 Frozen Ramparts          Ice            26%        1d4       10%         3
 Fugue of the Fallen      Necr           13%        N/A       10%         3
 Anguish                  Hex/Necr       6%         N/A       32%         4
 Dispel Undead            Necr           13%        3d9       32%         4
 Martyr's Knell           Necr/Summ      13%        N/A       32%         4
 Dispersal                Tloc           26%        N/A       38%         6
 Disjunction              Tloc           26%        N/A       100%        8


Dungeon Overview and Level Annotations

Branches:
Dungeon (13/15) Temple (1/1) D:5 Lair (0/5) D:10 Orc (0/2) D:12 Vaults (0/5) D:12 D:13 Sewer (visited) Ossuary (visited)

Altars:
Ashenzari
Cheibriados
Dithmenos
Elyvilon
Fedhas
Gozag
Hepliaklqana
Kikubaaqudgha
Makhleb
Nemelex Xobeh
Okawaru
Qazlal
Ru
Sif Muna
Trog
Uskayaw
Vehumet
Wu Jian
Xom
Yredelemnul
Zin
The Shining One

Shops:
D:1 *   D:8 :   D:12 (

Annotations:
D:3 3 runed translucent doors, Drangen's ghost, amateur CoHu
D:13 Urug


Innate Abilities, Weirdness & Mutations

You cannot wear most types of armour.
You are amphibious.
You can wear up to eight rings at the same time.
Your skin changes colour to match your surroundings (Stealth+).
Your rubbery body absorbs attacks. (AC +1, EV +1)
((You are camouflaged when in or above water. (Stealth+)))
You have tentacles for arms and can constrict up to eight enemies at once.


Message History

a +0 chain mail; a +0 short sword
Items here: )) [ รทรท.
Things that are here:
a +0 chain mail; a +0 short sword
There is a stone staircase leading down here.
You climb downwards.
Level annotation: Urug The centaur warrior wields a +0 shortbow.
The centaur warrior shoots an arrow.
The arrow hits you!
Urug squints and screams, "A harpy?
Time to die, you blasted buzzard!"
The centaur warrior shoots an arrow.
The arrow hits you!
Found a twisted scale mail.
There is a stone staircase leading up, spattered with blood here.
You see here a human skeleton.
The human barely misses you. The human hits you but does no damage.
The two-headed ogre barely misses you. The two-headed ogre closely misses you.
The centaur warrior shoots an arrow.
The arrow hits you!! The human hits you but does no damage.
Urug zaps a wand.
You resist with almost no effort.
You climb upwards.
There is a stone staircase leading down here.
Casting: Iskenderun's Mystic Blast (dangerous; 1% risk of failure)
Confirm with . or Enter, or press ? or * to list all spells.
You miscast Irradiate.
You are very lightly contaminated with residual magic.
Nothing appears to happen.
The human hits you but does no damage. The human barely misses you.
The human hits you!
* * * LOW HITPOINT WARNING * * *
The two-headed ogre barely misses you.
The two-headed ogre hits you with a +0 giant club!!
* * * LOW HITPOINT WARNING * * *
Okay, then.
Okay, then.
Okay, then.
Okay, then.
Casting: Irradiate (dangerous; 4% risk of failure)
Confirm with . or Enter, or press ? or * to list all spells.
You miscast Irradiate.
Nothing appears to happen.
The human hits you!
You die...
Cheibriados appreciates the motionlessness of death.

############# ######
#######.........p.#####....#
......#........p@O#...#....#
......#.........p.#...+....#
......#...........#...#....#
......#...........#....#####
......#...........#+##.#
..##'##....#######>....#
..#........#.....#.....#
..#....%...#.....#.....#
..#........#.....#.....#


You could see a two-headed ogre and 3 humans.

Vanquished Creatures
  Nessos (D:12)
  A two-headed ogre (D:11)
  A deep elf pyromancer (D:12)
  2 manticores
  2 cyclopes
  A gargoyle (D:12)
  2 cane toads (D:9)
  Maggie (D:8)
  An unseen horror (D:11)
  Psyche (D:8)
  A komodo dragon (D:7)
  3 trolls (D:12)
  A hornet (D:8)
  2 polar bears (D:9)
  Grinder (D:3)
  2 blink frogs
  A centaur simulacrum (D:10)
  3 slime creatures (D:12)
  12 yaks
  6 humans (D:13)
  5 steam dragons
  Menkaure (D:4)
  2 acid dragons
  3 water moccasins
  Duvessa (D:5)
  4 ice beasts
  4 orc warriors
  2 sky beasts
  2 black bears
  An ogre (D:5)
  2 wolves
  4 centaurs
  An elf zombie (Ossuary)
  A kobold brigand (D:6)
  3 scorpions
  6 bullfrogs
  Dowan (D:5)
  10 killer bees
  A howler monkey (D:10)
  3 electric eels
  A centaur zombie (Ossuary)
  2 jellies (Sewer)
  A gnoll bouda (D:8)
  2 bombardier beetles (D:6)
  5 human zombies (Ossuary)
  4 orc priests
  2 hounds
  2 sleepcaps
  3 iguanas
  5 orc wizards
  4 hound zombies (Ossuary)
  2 mummies (Ossuary)
  7 gnolls
  8 adders
  3 river rats
  2 shadow imps (D:8)
  3 white imps
  2 ufetubi (D:10)
  6 adder zombies (Ossuary)
  2 ribbon worms
  4 dart slugs
  20 orcs
  4 bats (D:2)
  19 endoplasms
  4 giant cockroaches
  7 gnoll zombies (Ossuary)
  3 goblins
  4 hobgoblins (D:1)
  6 kobolds
  4 quokkas
  8 ball pythons
  5 frilled lizards
  5 jackal zombies (Ossuary)
  3 kobold zombies (Ossuary)
  4 orc zombies (Ossuary)
  8 rats
276 creatures vanquished.

Notes
Turn   | Place    | Note
-------+----------+-------------------------------------------
     0 | D:1      | Ijustatesigmund the Octopode Conjurer began the quest for
                  | the Orb.
     0 | D:1      | Reached XP level 1. HP: 11/11 MP: 3/3
   297 | D:1      | Reached XP level 2. HP: 18/18 MP: 1/5
   300 | D:1      | Learned a level 2 spell: Searing Ray
   543 | D:1      | Found Ofruytetor's General Store.
   588 | D:1      | Reached skill level 1 in Fighting
  1589 | D:2      | Reached XP level 3. HP: 23/23 MP: 4/6
  2236 | D:2      | Reached XP level 4. HP: 29/29 MP: 6/8
  2241 | D:2      | Learned a level 4 spell: Iskenderun's Mystic Blast
  2299 | D:2      | You fall into a shaft and drop 2 floors!
  2403 | D:3      | Noticed Grinder
  2420 | D:3      | Killed Grinder
  2421 | D:3      | Reached skill level 5 in Conjurations
  2421 | D:3      | Reached XP level 5. HP: 14/36 MP: 1/10
  2421 | D:3      | Reached XP level 6. HP: 16/42 MP: 1/11
  2480 | D:3      | Found a glowing drain.
  2494 | Sewer    | Entered a sewer
  3269 | Sewer    | Found a viscous altar of Jiyva.
  3359 | D:3      | Reached XP level 7. HP: 46/46 MP: 7/12
  3459 | D:3      | Found a runed translucent gate.
  3460 | D:3      | Found a runed translucent gate.
  3461 | D:3      | Found a runed translucent gate.
  3462 | D:3      | Noticed Drangen's ghost (amateur CoHu)
  4103 | D:4      | Noticed Menkaure
  4111 | D:4      | Killed Menkaure
  4781 | D:5      | Entered Level 5 of the Dungeon
  4943 | D:5      | Noticed Dowan
  4980 | D:5      | Noticed Duvessa
  4988 | D:5      | Killed Dowan
  4996 | D:5      | Killed Duvessa
  5114 | D:5      | Reached XP level 8. HP: 35/54 MP: 3/14
  5808 | D:5      | Found a staircase to the Ecumenical Temple.
  5915 | Temple   | Entered the Ecumenical Temple
  5930 | Temple   | Became a worshipper of Cheibriados the Contemplative
  6114 | D:6      | Found an ancient bone altar of Kikubaaqudgha.
  6132 | D:6      | Reached skill level 5 in Fighting
  6132 | D:6      | Reached skill level 5 in Spellcasting
  6590 | D:6      | Reached skill level 1 in Invocations
  6833 | D:6      | Found a shadowy altar of Dithmenos.
  7146 | D:6      | Reached skill level 2 in Invocations
  7245 | D:6      | Found a radiant altar of Vehumet.
  7484 | D:7      | Reached XP level 9. HP: 18/61 MP: 4/17
  7505 | D:7      | Reached * piety under Cheibriados
  7506 | D:7      | Reached skill level 5 in Translocations
  7659 | D:7      | Found a sand-covered staircase.
  7669 | Ossuary  | Entered an ossuary
  8567 | Ossuary  | Reached skill level 3 in Invocations
  8913 | D:7      | Noticed a komodo dragon
  9612 | D:7      | Killed a komodo dragon
  9865 | D:8      | Reached skill level 4 in Invocations
 10080 | D:8      | Reached ** piety under Cheibriados
 10232 | D:8      | Noticed a hornet
 10240 | D:8      | Killed a hornet
 10241 | D:8      | Reached skill level 1 in Maces & Flails
 10546 | D:8      | Reached XP level 10. HP: 21/69 MP: 19/19
 11514 | D:8      | Found Sobb's Book Shop.
 11519 | D:8      | Noticed Psyche
 11525 | D:8      | Killed Psyche
 11526 | D:8      | Reached skill level 5 in Invocations
 11526 | D:8      | Noticed Maggie
 11866 | D:8      | Upgraded the game from 0.32-a0-814-g0968bab981 to
                  | 0.32-a0-825-g0e82a1035d
 11965 | D:8      | Noticed a cyclops
 12032 | D:8      | Killed a cyclops
 12258 | D:8      | Killed Maggie
 12551 | D:8      | Reached skill level 6 in Invocations
 12989 | D:9      | Reached *** piety under Cheibriados
 13049 | D:9      | Identified the ring "Yvvun" {rC+ AC+4 Int+2 Slay+2}
 13087 | D:9      | Reached skill level 5 in Maces & Flails
 13134 | D:9      | Learned a level 5 spell: Irradiate
 13284 | D:9      | Reached skill level 1 in Alchemy
 13551 | D:10     | Entered Level 10 of the Dungeon
 13622 | D:10     | Noticed a cane toad
 13622 | D:10     | Noticed a cane toad
 13631 | D:9      | Killed a cane toad
 13803 | D:9      | Reached skill level 7 in Invocations
 13902 | D:9      | Reached XP level 11. HP: 62/73 MP: 11/20
 15058 | D:10     | Found a staircase to the Lair.
 15328 | D:10     | Reached **** piety under Cheibriados
 15796 | D:10     | Reached skill level 8 in Invocations
 15942 | D:10     | Found a glowing silver altar of Zin.
 16866 | D:11     | Noticed a manticore
 16867 | D:11     | Noticed a two-headed ogre
 16875 | D:11     | Reached skill level 5 in Alchemy
 17113 | D:11     | Killed a manticore
 17724 | D:11     | Killed a two-headed ogre
 18408 | D:12     | Found Lanluol's Weapon Shoppe.
 18408 | D:12     | Found a staircase to the Orcish Mines.
 18463 | D:12     | Noticed Nessos
 18467 | D:12     | Killed Nessos
 18724 | D:12     | Reached skill level 9 in Invocations
 18845 | D:12     | Reached XP level 12. HP: 60/80 MP: 22/22
 20724 | D:13     | Noticed a centaur warrior
 20724 | D:13     | Noticed Urug
 20724 | D:13     | Noticed a two-headed ogre
 20724 | D:13     | Found a gate to the Vaults.
 21201 | D:12     | HP: 2/80 [two-headed ogre/+0 giant spiked club (21)]
 21202 | D:12     | Mangled by a human

Illustrated notes

Levels and vault maps discovered:
D:1:      co_arrival_square_in_a_square_in_a_square, layout_basic, serial_shops,
          nicolae_shop_behind_doors
D:2:      minmay_diamond_boxcup, layout_loops_cross, minmay_misc_feat_rows
D:3:      layout_basic, ebering_ghost_rock_garden, portal_sewer_entry_b,
          corexii_corridor_pit, uniq_grinder
D:4:      layout_cave_pools, uniq_menkaure
D:5:      layout_gridville, minmay_temple_entry_proselytizer, minivault_1,
          uniq_duvessa
D:6:      layout_rooms, nicolae_dithmenos_through_a_glass_darkly,
          mainiacjoe_overflow_paths, lemuel_coloured_pillars_altar,
          mrwooster_statue_mirror, small_statue_intersection,
          kennysheep_generic_room_7
D:7:      layout_cave_pools, mainiacjoe_ossuary_entry_dusty_tomb
D:8:      nicolae_whirlpool, layout_basic, serial_shops,
          nicolae_book_shop_shelving, grunt_ministairs_8, st_stairs_5,
          uniq_maggie, uniq_psyche
D:9:      layout_loops_ring, kennysheep_cross_bottleneck
D:10:     layout_loops_ring, lemuel_doored_altar, dpeg_lair_monsters,
          serial_ice, serial_ice_c, serial_ice_b, serial_ice_j, serial_ice_g
D:11:     layout_basic
D:12:     layout_gridville, orc_david_3, uniq_nessos
D:13:     layout_irregular_city, david_vaults_3, uniq_jorgrun
Temple:   eino_narrow_crystal_temple

Skill      XL: |  1  2  3  4  5  6  7  8  9 10 11 12 |
---------------+-------------------------------------+-----
Fighting       | 1 3 4 5 6 |  6.7
Spellcasting   | 3 4 5 6 7 |  7.5
Conjurations   | 5 6 7 |  7.6
Translocations | 2 3 4 5 |  5.9
Invocations    | 2 4 7 9 |  9.5
Maces & Flails | 2 5 7 8 |  8.3
Dodging        | 4 |  4.6
Alchemy        | 2 6 |  6.8
Stealth        | |  2.6

Action                     |  1- 3 |  4- 6 |  7- 9 | 10-12 || total
---------------------------+-------+-------+-------+-------++-------
  Melee: Mace              |     5 |    12 |    47 |       ||    64
         Constrict         |     2 |     1 |    15 |    26 ||    44
         Tentacles         |     1 |     2 |    21 |    53 ||    77
         Flail             |       |       |    10 |   159 ||   169
  Throw: Dart              |       |       |    14 |    11 ||    25
   Cast: Magic Dart        |    65 |    82 |   267 |    72 ||   486
         Searing Ray       |       |     1 |    23 |    12 ||    36
         Iskenderun's Myst |       |       |     5 |    59 ||    64
         Irradiate         |       |       |       |     5 ||     5
 Invoke: Slouch            |       |       |       |     2 ||     2
  Evoke: Wand              |       |       |     9 |    11 ||    20
    Use: Scroll            |       |    12 |    12 |     8 ||    32
         Potion            |       |     1 |     9 |     4 ||    14
   Stab: Paralysed         |       |       |    16 |     4 ||    20
         Invisible         |       |       |     2 |       ||     2
         Sleeping          |       |       |       |     2 ||     2
 Armour: Skin              |     9 |    12 |   113 |   197 ||   331
  Dodge: Dodged            |     9 |    11 |   112 |   174 ||   306
  Block: Other             |       |       |    23 |    54 ||    77
         Reflection        |       |       |     1 |     5 ||     6

Table legend: (Time is in decaauts)
 A = Elapsed time spent in this place.
 B = Non-inter-level travel time spent in this place.
 C = Inter-level travel time spent in this place.
 D = Time resting spent in this place.
 E = Time spent auto-exploring this place.
 F = Levels seen in this place.
 G = Mean time per level.
                   A        B        C        D        E       F      G
               +--------+--------+--------+--------+--------+-----+--------+
         Total |  23866 |  23317 |    549 |   8838 |  12232 |  16 | 1491.6 |
       Dungeon |  21718 |  21202 |    516 |   7943 |  11342 |  13 | 1670.6 |
        Temple |     34 |      1 |     33 |      0 |      0 |   1 |   34.0 |
         Sewer |    839 |    839 |      0 |    266 |    462 |   1 |  839.0 |
       Ossuary |   1273 |   1273 |      0 |    629 |    427 |   1 | 1273.0 |
               +--------+--------+--------+--------+--------+-----+--------+

Top non-repeatable levels by time:
    D:12: 3345 daAuts
     D:8: 3328 daAuts
     D:9: 2651 daAuts
    D:10: 2189 daAuts
    D:11: 1980 daAuts
     D:7: 1472 daAuts
     D:6: 1452 daAuts
     D:5: 1332 daAuts
 Ossuary: 1273 daAuts
     D:1: 1261 daAuts
     D:2: 1144 daAuts
   Sewer: 839 daAuts
     D:3: 776 daAuts
     D:4: 773 daAuts
  Temple: 34 daAuts
